 Dungeon Crawl Stone Soup version 0.23.1 (webtiles) character file.

Game seed: 0

11538 Dasatrys the Protected (level 11, -1/94 HPs)
             Began as a Minotaur Fighter on Mar 14, 2019.
             Was an Elder of the Shining One.
             Slain by an 11-headed hydra (7 damage)
             ... on level 10 of the Dungeon on Mar 18, 2019.
             The game lasted 00:57:35 (12043 turns).

Dasatrys the Protected (Minotaur Fighter)          Turns: 12043, Time: 00:57:36

Health: -1/94      AC: 15    Str: 24    XL:     11   Next: 50%
Magic:  15/15      EV:  9    Int:  5    God:    the Shining One [****..]
Gold:   565        SH: 11    Dex: 10    Spells: 10/10 levels left

rFire    . . .     SeeInvis .   C - +3 hand axe
rCold    . . .     Gourm    .   c - +0 shield
rNeg     + + .     Faith    .   i - +0 chain mail
rPois    .         Spirit   .   (helmet restricted)
rElec    .         Reflect  .   O - +0 cloak
rCorr    .         Harm     .   x - +0 pair of gloves
MR       .....                  (no boots)
Stlth    ..........             (no amulet)
HPRegen  0.25/turn              p - +2 ring of evasion
MPRegen  0.14/turn              (no ring)

@: glowing
A: retaliatory headbutt, horns 2
a: Divine Shield, Cleansing Flame, Renounce Religion


You were on level 10 of the Dungeon.
You worshipped the Shining One.
The Shining One was greatly pleased with you.
You were hungry.

You visited 1 branch of the dungeon, and saw 11 of its levels.

You collected 565 gold pieces.

Inventory:

Hand Weapons
 B - a +5 flail
 C - a +3 hand axe (weapon)
 G - a +1 great sword of freezing
 H - a +4 long sword
Armour
 c - a +0 shield (worn)
 i - a +0 chain mail (worn)
 x - a +0 pair of gloves (worn)
 O - a +0 cloak (worn)
Jewellery
 p - a +2 ring of evasion (left hand)
 s - an uncursed ring of ice
Wands
 b - a wand of digging (6)
 t - a wand of acid (7)
 w - a wand of iceblast (10)
 y - a wand of enslavement (4)
 A - a wand of flame (23)
 E - a wand of disintegration (11)
 F - a wand of polymorph (18)
 L - a wand of paralysis (10)
Scrolls
 d - 5 scrolls of remove curse
 h - 2 scrolls of teleportation
 j - 6 scrolls of identify
 l - 2 scrolls of enchant weapon
 q - 3 scrolls of magic mapping
 u - 2 scrolls of blinking
 D - 3 scrolls of amnesia {unknown}
 I - a scroll of fog {unknown}
 J - a scroll of holy word {unknown}
 K - 2 scrolls of enchant armour {unknown}
Potions
 a - a potion of ambrosia {unknown}
 e - 4 potions of haste
 g - 2 potions of curing
 k - 2 potions of flight {unknown}
 m - 2 potions of lignification {unknown}
 n - a potion of degeneration {unknown}
 z - a potion of might
 M - 2 potions of magic {unknown}
 N - a potion of experience {unknown}
Miscellaneous
 o - a crystal ball of energy
Comestibles
 f - 20 rations
 v - 4 chunks of flesh


   Skills:
 - Level 8.2 Fighting
 - Level 12.3 Axes
 - Level 12.4 Armour
 - Level 0.2 Dodging
 - Level 0.7 Stealth
 - Level 8.2 Shields
 * Level 6.9 Invocations


You had 10 spell levels left.
You didn't know any spells.
Your spell library contained the following spells:

 Spells                   Type           Power        Failure   Level  Hunger
 Flame Tongue             Conj/Fire      #....        99%         1    ##.....
 Magic Dart               Conj           #...         99%         1    ##.....
 Blink                    Tloc           N/A          100%        2    ###....
 Call Imp                 Summ           #.......     100%        2    ###....
 Slow                     Hex            #.......     100%        2    ###....
 Throw Flame              Conj/Fire      #.....       100%        2    ###....
 Conjure Flame            Conj/Fire      #.......     100%        3    ####...
 Inner Flame              Hex/Fire       #.......     100%        3    ####...
 Mephitic Cloud           Conj/Pois/Air  #.......     100%        3    ####...
 Sticky Flame             Conj/Fire      #.......     100%        4    #####..
 Fireball                 Conj/Fire      #.........   100%        5    ######.


Dungeon Overview and Level Annotations

Branches:
Dungeon (11/15)            Temple (0/1) D:5
   Lair: D:8-11         Orc: D:9-12

Altars:
Dithmenos
Elyvilon
Hepliaklqana
Okawaru
Qazlal
Ru
Sif Muna
Wu Jian
Zin
The Shining One

Shops:
D:7 =(   D:10 ?

Annotations:
D:3 Tutankhamun's ghost, amateur DrCj
D:4 2 runed translucent doors, Tutankhamun's ghost, amateur DrCj


Innate Abilities, Weirdness & Mutations

You reflexively headbutt those who attack you in melee.
You have a pair of horns on your head.


Message History

You headbutt the 11-headed hydra, but do no damage.
The 11-headed hydra is lightly wounded.
You block the 11-headed hydra's attack. The 11-headed hydra bites you.
* * * LOW HITPOINT WARNING * * *
The 11-headed hydra barely misses you.
The 11-headed hydra bites you but does no damage.
The 11-headed hydra completely misses you.
You block the 11-headed hydra's attack.
The 11-headed hydra bites you but does no damage.
The 11-headed hydra bites you.
* * * LOW HITPOINT WARNING * * *
You block the 11-headed hydra's attack. The 11-headed hydra barely misses you.
The 11-headed hydra bites you!
* * * LOW HITPOINT WARNING * * *
Unknown command.
You block the 11-headed hydra's attack. The 11-headed hydra barely misses you.
The 11-headed hydra closely misses you. The 11-headed hydra bites you.
* * * LOW HITPOINT WARNING * * *
The 11-headed hydra bites you!
You die...

......#............#....#.......#
......#............#....#.......#
......#............#....#........
......#............#....#.......#
......#............#....#.......#
......#............#....#.......#
####################....#.......#
..................#.....#.......#
................@.#.....#.......#
...............D..#.....#.......#
..................#.....####'####
..................#.....#..>....#
..................#.....#.......#
..................#.....#.......#
..................#.....#.......#
..................#.....#.......#
..................#.....####'####


You could see a 11-headed hydra.

Vanquished Creatures
  Josephine (D:11)
  Erica (D:11)
  A two-headed ogre (D:9)
  Maurice (D:8)
  An efreet (D:10)
  A komodo dragon (D:9)
  A troll (D:9)
  A hippogriff (D:10)
  12 yaks
  A wraith (D:11)
  A wyvern (D:9)
  A basilisk (D:10)
  2 hungry ghosts
  Grum (D:8)
  Edmund (D:5)
  3 water moccasins
  The ghost of acidapple the Changer, an amateur VSTm (D:5)
  A sky beast (D:5)
  2 ice beasts
  3 orc warriors
  2 phantoms
  2 necrophages
  6 ogres
  3 wolves (D:8)
  2 centaurs
  Blork the orc (D:8)
  A wyvern zombie (D:9)
  7 bullfrogs
  A wyvern skeleton (D:10)
  A scorpion (D:7)
  16 wights
  8 howler monkeys
  2 electric eels (D:7)
  A crimson imp (D:6)
  2 centaur zombies
  A bullfrog zombie (D:10)
  A quasit (D:9)
  4 orc priests
  4 hounds
  2 bullfrog skeletons
  Crazy Yiuf (D:7)
  2 centaur skeletons
  Jessica (D:3)
  2 iguanas
  Ijyb (D:5)
  16 orc wizards
  5 worker ants
  A hound zombie (D:5)
  A hound skeleton (D:5)
  A worker ant zombie (D:6)
  Robin (D:2)
  13 gnolls
  13 adders
  3 shadow imps
  2 oozes
  An adder skeleton (D:6)
  7 worms
  7 dart slugs
  8 leopard geckos
  29 orcs
  7 giant cockroaches
  19 goblins
  9 hobgoblins
  6 jackals
  4 quokkas
  4 ball pythons
  10 bats
  5 frilled lizards
  2 jackal skeletons
  7 kobolds
  3 leopard gecko skeletons (D:5)
  12 rats
307 creatures vanquished.

Vanquished Creatures (others)
  An adder (D:7)
1 creature vanquished.

Grand Total: 308 creatures vanquished

Notes
Turn   | Place    | Note
-------+----------+-------------------------------------------
     0 | D:1      | Dasatrys the Minotaur Fighter began the quest for the Orb.
     0 | D:1      | Reached XP level 1. HP: 19/19 MP: 0/0
   298 | D:1      | Reached XP level 2. HP: 27/27 MP: 1/1
  1431 | D:2      | Reached XP level 3. HP: 27/33 MP: 2/2
  1718 | D:2      | Found a glowing golden altar of the Shining One.
  1937 | D:2      | Found a shadowy altar of Dithmenos.
  1971 | D:2      | Noticed Robin
  1992 | D:2      | Reached XP level 4. HP: 36/41 MP: 3/3
  1995 | D:2      | Killed Robin
  2026 | D:2      | Found a deep blue altar of Sif Muna.
  2286 | D:2      | Became a worshipper of the Shining One
  2426 | D:3      | Found a sacrificial altar of Ru.
  2450 | D:3      | Reached XP level 5. HP: 34/47 MP: 4/4
  2559 | D:3      | Found an iron altar of Okawaru.
  2559 | D:3      | Found a white marble altar of Elyvilon.
  2648 | D:3      | Found a large runed translucent door.
  2649 | D:3      | Found a large runed translucent door.
  2650 | D:3      | Noticed Tutankhamun's ghost (amateur DrCj)
  2674 | D:3      | Noticed Jessica
  2683 | D:3      | Killed Jessica
  2832 | D:3      | Reached skill level 5 in Axes
  3347 | D:4      | Reached skill level 5 in Armour
  3347 | D:4      | Reached XP level 6. HP: 50/53 MP: 5/5
  3477 | D:4      | Reached * piety under the Shining One
  3592 | D:4      | Found a runed translucent door.
  3598 | D:4      | Noticed Tutankhamun's ghost (amateur DrCj)
  3730 | D:4      | Found a runed translucent door.
  3772 | D:4      | Reached skill level 5 in Fighting
  3777 | D:4      | Reached skill level 5 in Shields
  3777 | D:4      | Reached XP level 7. HP: 50/61 MP: 6/6
  4185 | D:5      | Entered Level 5 of the Dungeon
  4396 | D:5      | Found a hazy altar of Hepliaklqana.
  4396 | D:5      | Found a glowing silver altar of Zin.
  4519 | D:5      | Noticed Edmund
  4534 | D:5      | Killed Edmund
  4534 | D:5      | Reached XP level 8. HP: 53/70 MP: 7/7
  4612 | D:5      | Noticed Ijyb
  4619 | D:5      | Killed Ijyb
  4636 | D:5      | Found a staircase to the Ecumenical Temple.
  5196 | D:5      | Found a runed translucent gate.
  5196 | D:5      | Found a runed translucent gate.
  5196 | D:5      | Found a runed translucent gate.
  5196 | D:5      | Noticed acidapple's ghost (amateur VSTm)
  5204 | D:5      | Killed acidapple's ghost
  5204 | D:5      | Reached ** piety under the Shining One
  6118 | D:6      | Reached skill level 10 in Axes
  6139 | D:6      | Reached XP level 9. HP: 62/78 MP: 8/8
  6517 | D:7      | Found Facade Zigas's Jewellery Emporium.
  6571 | D:7      | Reached *** piety under the Shining One
  6816 | D:7      | Found an ornate altar of the Wu Jian Council.
  6954 | D:7      | Found a runed translucent door.
  6955 | D:7      | Noticed Crazy Yiuf
  6960 | D:7      | Killed Crazy Yiuf
  7319 | D:7      | Found Nikig's Weapon Shop.
  7417 | D:7      | Found a stormy altar of Qazlal.
  7929 | D:8      | Noticed Maurice
  7930 | D:8      | Found the +2 Maxwell's thermic engine {flame, freeze}
  7971 | D:8      | Reached skill level 10 in Armour
  8013 | D:8      | Noticed Blork the orc
  8205 | D:8      | Killed Blork the orc
  8281 | D:8      | Reached XP level 10. HP: 72/86 MP: 9/9
  8493 | D:8      | Killed Maurice
  8535 | D:8      | Noticed Grum
  8556 | D:8      | Killed Grum
  9181 | D:9      | Reached **** piety under the Shining One
  9271 | D:9      | Noticed a two-headed ogre
  9303 | D:9      | Killed a two-headed ogre
 10023 | D:9      | Reached XP level 11. HP: 91/94 MP: 10/10
 10268 | D:9      | Reached skill level 1 in Invocations
 10642 | D:10     | Entered Level 10 of the Dungeon
 11669 | D:10     | Found Hahe's Magic Scroll Shop.
 11919 | D:11     | Reached skill level 5 in Invocations
 11927 | D:11     | Noticed Josephine
 11928 | D:11     | Noticed Erica
 11941 | D:11     | Killed Josephine
 11956 | D:11     | Noticed a five-headed hydra
 11961 | D:11     | Killed Erica
 12022 | D:10     | HP: 4/94 [11-headed hydra (7)]
 12043 | D:10     | Slain by an 11-headed hydra

Skill      XL: |  1  2  3  4  5  6  7  8  9 10 11 |
---------------+----------------------------------+-----
Armour         | 4 5 6 7 10 12 | 12.4
Fighting       | 4 5 6 7 8 |  8.2
Axes           | 3 4 5 6 8 10 11 12 | 12.3
Shields        | 4 5 6 7 8 |  8.2
Invocations    | 6 |  6.9
Dodging        | |  0.2
Stealth        | |  0.7

Action                   |  1- 3 |  4- 6 |  7- 9 | 10-12 || total
-------------------------+-------+-------+-------+-------++-------
Melee: War axe           |   108 |   149 |   193 |       ||   450
       Headbutt          |    14 |    20 |    58 |    85 ||   177
       Hand axe          |       |       |   157 |   367 ||   524
       Unarmed           |       |       |     8 |    18 ||    26
Invok: Divine Shield     |       |       |       |     1 ||     1
  Use: Scroll            |     3 |     2 |     1 |    10 ||    16
       Potion            |     1 |       |       |     2 ||     3
  Eat: Ration            |     1 |       |     2 |     1 ||     4
       Chunk             |       |     6 |     9 |     9 ||    24
Armor: Scale mail        |    46 |    59 |    89 |    10 ||   204
       Chain mail        |       |       |       |    87 ||    87
Dodge: Dodged            |    23 |    45 |   102 |   116 ||   286
Block: Shield            |    37 |    71 |   157 |   172 ||   437
